Capitals vs Red Wings

Created - 19 mars 2024 at 11:44

Goals
1 2 3 T
Capitals 0 2 0 2
Red Wings 2 1 3 6
Shots
1 2 3 T
Capitals 13 11 8 32
Red Wings 12 8 17 37

GoalsPenalties
1st period
1. Red Wings , Brady Tkachuk 21 (Yanni Gourde 24, Dylan Cozens 24) at 4:32
2. Red Wings , Dylan Cozens 17 (Brady Tkachuk 27, Jeff Carter 21) at 7:36
Ryan Lindgren (WAS) for Interference (Minor) at 1:05
Luke Schenn (DET) for Fighting (Major) at 11:41
Carter Verhaeghe (WAS) for Fighting (Major) at 11:41
Luke Schenn (DET) for instigated a fight (Minor) at 11:41
Luke Schenn (DET) for instigated a fight (10 Minutes Misconduct) at 11:41
Jalen Chatfield (DET) for Roughing (Minor) at 14:42
2nd period
3. Red Wings , Owen Tippett 25 (Mike Matheson 9, Brock Nelson 46) at 0:14
4. Capitals , Sam Reinhart 33 (Carter Verhaeghe 38) at 3:48 (PP)
5. Capitals , Cam Fowler 10 (William Nylander 52, Adam Fox 40) at 14:50
Vincent Trocheck (DET) for Tripping (Minor) at 3:05
Brady Tkachuk (DET) for Roughing (Minor) at 16:25
3rd period
6. Red Wings , Vincent Trocheck 31 (Brock Nelson 47, Owen Tippett 27) at 7:14
7. Red Wings , Brock Nelson 43 (Owen Tippett 28, Braden Schneider 6) at 13:03 (PP)
8. Red Wings , Yanni Gourde 15 (Braden Schneider 7) at 16:23 (PP)
William Nylander (WAS) for Holding (Minor) at 1:03
Ilya Samsonov (WAS) for Slashing (Minor) at 4:28 - Jeff Skinner served the penalty
Brady Tkachuk (DET) for Tripping (Minor) at 9:53
Ryan Lindgren (WAS) for Hooking (Minor) at 12:22
Mike Matheson (DET) for Fighting (Major) at 13:08
Adam Fox (WAS) for Fighting (Major) at 13:08
Zach Hyman (WAS) for Holding (Minor) at 15:50
Luke Schenn (DET) for Fighting (Major) at 16:34
Carter Verhaeghe (WAS) for Fighting (Major) at 16:34
Yanni Gourde (DET) for Fighting (Major) at 16:59
Nicholas Paul (WAS) for Fighting (Major) at 16:59
Goalie Stats
Ilya Samsonov (WAS), 31 saves from 37 shots - (0,838), L, 11-7-0, 60:00 minutes
Martin Jones (DET), 30 saves from 32 shots - (0,938), W, 6-3-2, 60:00 minutes
3 StarsOfficial
1 - Brock Nelson (DET)
2 - Owen Tippett (DET)
3 - Dylan Cozens (DET)
Referees : Laura White and Chris Schlenker
Linesman : Nikoleta Celarova and Jean-Luc Grand-Pierre
Game Note
Luke Schenn and Carter Verhaeghe fight to a draw at 11:41 of 1st period
Mike Matheson and Adam Fox fight to a draw at 13:08 of 3rd period
Luke Schenn and Carter Verhaeghe fight to a draw at 16:34 of 3rd period
Yanni Gourde beats up Nicholas Paul at 16:59 of 3rd period
Finance
Level 1 -- Attendance: 5515 (92%) -- Ticket Income $501,865
Level 2 -- Attendance: 5000 (100%) -- Ticket Income $275,000
Level 3 -- Attendance: 3425 (49%) -- Ticket Income $89,050
Level 4 -- Attendance: 3856 (77%) -- Ticket Income $61,696
Luxury Box -- Attendance: 1056 (100%) -- Ticket Income $203,808
Game was played at the Joe Louis Arena.
Total Attendance: 18852 (78%)
Total Ticket Income: $1,131,419
Other Income: $339,426
Total Income: $1,470,845



Team Name Goals Shots Shots Attemp Shots Blocked PIM HIT PP PK FO%
Capitals 232651130181 / 5 (20%)246%
Red Wings 637681140242 / 5 (40%)154%

Capitals
Player Name POS G A P +/- PIM HIT SHT SB MP PP MP PP SHT PK MP PK SHT FO% FOT GA TA
Adam FoxD011-1516225:075:1114:3610% 001
Aleksander BarkovC000-3001124:095:0813:48041% 3210
Cam FowlerD1010033125:375:1114:0500% 002
Carter VerhaegheC/LW01101003114:272:0400:21050% 200
Charlie CoyleC/RW000-1012114:230:0003:48025% 400
Dmitry OrlovD000-1020121:593:2802:3500% 000
Evan RodriguesC/LW/RW0000002011:471:1100:2100% 001
Jeff SkinnerLW/RW000-1022018:183:5100:000100% 100
Jesper FastRW000000206:380:0000:0000% 000
Michael McLeodC000001109:400:0003:02067% 600
Nicholas PaulC/LW0000520012:170:0003:020100% 100
Nico SturmC/LW000001107:090:1000:0000% 000
Ryan LindgrenD000-2420014:570:0002:3100% 001
Sam ReinhartC/RW1010015017:313:5110:00050% 2401
Tyson BarrieD000-1001421:083:2800:3500% 020
Will BorgenD000-1011011:190:0000:0000% 000
William NylanderLW/RW011-2211018:114:5410:00050% 211
Zach HymanLW/RW000-2201018:044:4810:0000% 200
Red Wings
Player Name POS G A P +/- PIM HIT SHT SB MP PP MP PP SHT PK MP PK SHT FO% FOT GA TA
Alec MartinezD0000010523:440:0005:1400% 011
Braden SchneiderD0222001116:313:5800:0000% 000
Brady TkachukLW1122415015:062:3410:0000% 000
Brock NelsonC/LW1232023021:214:3720:400100% 310
Casey CizikasC000-101209:380:0003:39150% 600
Dominik KubalikLW/RW000-101006:220:0000:1100% 000
Dylan CozensC/LW1122036015:022:3400:00042% 1211
Hampus LindholmD0002021229:513:5805:1700% 000
Jalen ChatfieldD0001200013:490:0001:1500% 001
Jeff CarterC/RW0110022011:120:0000:0000% 000
Kevin HayesC0000012011:120:0000:00033% 910
Luke SchennD00002220114:433:1301:3000% 000
Mike MathesonD0111500020:243:1304:0200% 000
Owen TippettRW1232024019:084:3710:0000% 210
Sean KuralyC/LW000-104119:380:0003:3900% 001
Vincent TrocheckC/RW1012208023:284:3734:21061% 3810
Yanni GourdeC/LW/RW1122511018:532:3414:49067% 310
Yegor SharangovichC/LW/RW0000011111:120:0000:000100% 100

Capitals

5 vs 5 Forward
Line #Left WingCenterRight WingPHYDFOFWanted %Time %Time Play
1William NylanderAleksander BarkovZach Hyman0233332%14:15
2Carter VerhaegheSam ReinhartJeff Skinner0233231%13:40
3Nicholas PaulCharlie CoyleEvan Rodrigues0322422%9:37
4Nico SturmMichael McLeodJesper Fast0321115%6:38
5 vs 5 Defense
Line #DefenseDefensePHYDFOFWanted %Time %Time Play
1Cam FowlerAdam Fox0323638%16:55
2Dmitry OrlovTyson Barrie0323436%15:56
3Ryan LindgrenWill Borgen0322526%11:19
4Ryan LindgrenAdam Fox03250%0:00
Power Play Forward
Line #Left WingCenterRight WingPHYDFOFWanted %Time %Time Play
1William NylanderAleksander BarkovZach Hyman0055255%4:48
2Carter VerhaegheSam ReinhartJeff Skinner0054845%3:51
Power Play Defense
Line #DefenseDefensePHYDFOFWanted %Time %Time Play
1Cam FowlerAdam Fox0145560%5:11
2Dmitry OrlovTyson Barrie0144540%3:28
Penalty Kill 4 Players Forward
Line #CenterWingPHYDFOFWanted %Time %Time Play
1Aleksander BarkovCharlie Coyle1405358%4:09
2Michael McLeodNicholas Paul1404742%3:02
Penalty Kill 4 Players Defense
Line #DefenseDefensePHYDFOFWanted %Time %Time Play
1Ryan LindgrenAdam Fox1405264%4:36
2Cam FowlerDmitry Orlov1404836%2:35
Penalty Kill 3 Players
Line #WingPHYDFOFWanted %Time %Time PlayDefenseDefensePHYDFOFWanted %Time %Time Play
1Charlie Coyle050540%0:00 Ryan LindgrenAdam Fox140540%0:00
2Aleksander Barkov050460%0:00 Cam FowlerDmitry Orlov140460%0:00
4 vs 4 Forward
Line #CenterWingPHYDFOFWanted %Time %Time Play
1Aleksander BarkovWilliam Nylander023500%0:00
2Sam ReinhartJeff Skinner023500%0:00
4 vs 4 Defense
Line #DefensePHYDFOFWanted %Time %Time Play
1Cam FowlerAdam Fox023540%0:00
2Dmitry OrlovTyson Barrie023460%0:00
Last Minutes Offensive
Left WingCenterRight WingDefenseDefense
William NylanderAleksander BarkovZach HymanCam FowlerAdam Fox
Last Minutes Defensive
Left WingCenterRight WingDefenseDefense
Nicholas PaulAleksander BarkovCharlie CoyleRyan LindgrenAdam Fox
Time
Total ForwardTotal DefenseLast Minutes OffensiveLast Minutes Defensive
60:00 60:00 0:000:00
Extra Forwards
Normal PowerPlayPenalty Kill
Aleksander Barkov, William Nylander, Zach HymanAleksander Barkov, William NylanderAleksander Barkov
Extra Defensemen
Normal PowerPlayPenalty Kill
Adam Fox, Cam Fowler, Tyson BarrieAdam Fox, Adam FoxRyan Lindgren
Penalty Shots
William Nylander, Jeff Skinner, Carter Verhaeghe, Sam Reinhart, Zach Hyman
Goalie
Ilya Samsonov, Logan Thompson
Scratches
Brandon Duhaime (Healthy), Niko Mikkola (Healthy), Jordan Harris (Healthy)

Red Wings

5 vs 5 Forward
Line #Left WingCenterRight WingPHYDFOFWanted %Time %Time Play
1Brock NelsonVincent TrocheckOwen Tippett0323433%14:31
2Brady TkachukDylan CozensYanni Gourde0323029%12:37
3Yegor SharangovichKevin HayesJeff Carter0322625%11:12
4Sean KuralyCasey CizikasDominik Kubalik0321013%5:50
5 vs 5 Defense
Line #DefenseDefensePHYDFOFWanted %Time %Time Play
1Hampus LindholmAlec Martinez0323737%16:32
2Mike MathesonLuke Schenn0323639%17:20
3Jalen ChatfieldBraden Schneider0322323%10:18
4Hampus LindholmAlec Martinez03240%0:00
Power Play Forward
Line #Left WingCenterRight WingPHYDFOFWanted %Time %Time Play
1Brock NelsonVincent TrocheckOwen Tippett0145264%4:37
2Brady TkachukDylan CozensYanni Gourde0144836%2:34
Power Play Defense
Line #DefenseDefensePHYDFOFWanted %Time %Time Play
1Hampus LindholmBraden Schneider0145255%3:58
2Mike MathesonLuke Schenn0144845%3:13
Penalty Kill 4 Players Forward
Line #CenterWingPHYDFOFWanted %Time %Time Play
1Vincent TrocheckYanni Gourde1405458%5:00
2Casey CizikasSean Kuraly1404642%3:39
Penalty Kill 4 Players Defense
Line #DefenseDefensePHYDFOFWanted %Time %Time Play
1Hampus LindholmAlec Martinez1405453%4:37
2Mike MathesonLuke Schenn1404647%4:02
Penalty Kill 3 Players
Line #WingPHYDFOFWanted %Time %Time PlayDefenseDefensePHYDFOFWanted %Time %Time Play
1Vincent Trocheck140510%0:00 Hampus LindholmAlec Martinez140510%0:00
2Casey Cizikas140490%0:00 Mike MathesonLuke Schenn140490%0:00
4 vs 4 Forward
Line #CenterWingPHYDFOFWanted %Time %Time Play
1Vincent TrocheckBrock Nelson032550%0:00
2Dylan CozensBrady Tkachuk032450%0:00
4 vs 4 Defense
Line #DefensePHYDFOFWanted %Time %Time Play
1Hampus LindholmAlec Martinez032550%0:00
2Mike MathesonLuke Schenn032450%0:00
Last Minutes Offensive
Left WingCenterRight WingDefenseDefense
Brock NelsonVincent TrocheckBrady TkachukHampus LindholmLuke Schenn
Last Minutes Defensive
Left WingCenterRight WingDefenseDefense
Brock NelsonVincent TrocheckYanni GourdeHampus LindholmAlec Martinez
Time
Total ForwardTotal DefenseLast Minutes OffensiveLast Minutes Defensive
60:00 60:00 0:000:00
Extra Forwards
Normal PowerPlayPenalty Kill
Brock Nelson, Vincent Trocheck, Brady TkachukKevin Hayes, Jeff CarterBrock Nelson
Extra Defensemen
Normal PowerPlayPenalty Kill
Hampus Lindholm, Alec Martinez, Luke SchennBraden Schneider, Mike MathesonJalen Chatfield
Penalty Shots
Brock Nelson, Brady Tkachuk, Vincent Trocheck, Yanni Gourde, Dylan Cozens
Goalie
Martin Jones, Igor Shesterkin
Scratches
Brett Howden (Healthy), Kent Johnson (Healthy), Owen Power (Healthy)


Play-by-Play

1st period


0:01 of 1st period - Vincent Trocheck wins face-off versus Aleksander Barkov in neutral zone.
0:10 of 1st period - Snap shot by Brock Nelson.
0:10 of 1st period - Deflect By Owen Tippett.
0:10 of 1st period - Shot Misses the Net.
0:10 of 1st period - Puck is out of play.
0:11 of 1st period - Yanni Gourde wins face-off versus Carter Verhaeghe in Capitals zone.
0:14 of 1st period - Slapshot by Brady Tkachuk.
0:14 of 1st period - Shot Misses the Net.
0:16 of 1st period - Wrist shot by Yanni Gourde.
0:16 of 1st period - Deflect By Brady Tkachuk.
0:16 of 1st period - Shot Misses the Net.
0:16 of 1st period - Puck is out of play.
0:17 of 1st period - Dylan Cozens wins face-off versus Sam Reinhart in Capitals zone.
0:20 of 1st period - Wrist shot by Brady Tkachuk.
0:20 of 1st period - Stopped by Ilya Samsonov without a rebound.
0:21 of 1st period - Dylan Cozens wins face-off versus Sam Reinhart in Capitals zone.
0:36 of 1st period - Wrist shot by Dylan Cozens.
0:36 of 1st period - Stopped by Ilya Samsonov with a rebound.
0:55 of 1st period - Snap shot by Dylan Cozens.
0:55 of 1st period - Shot Misses the Net.
0:57 of 1st period - Slapshot by Yanni Gourde.
0:57 of 1st period - Deflect By Brady Tkachuk.
0:57 of 1st period - Shot Misses the Net.
0:57 of 1st period - Puck is out of play.
0:58 of 1st period - Kevin Hayes wins face-off versus Charlie Coyle in Capitals zone.
1:03 of 1st period - Snap shot by Jeff Carter.
1:03 of 1st period - Shot Misses the Net.
1:05 of 1st period - Minor Penalty to Ryan Lindgren for Interference.
1:06 of 1st period - Vincent Trocheck wins face-off versus Aleksander Barkov in Capitals zone.
1:42 of 1st period - Snap shot by Brady Tkachuk.
1:42 of 1st period - Stopped by Ilya Samsonov with a rebound.
1:44 of 1st period - Wrist shot by Dylan Cozens.
1:44 of 1st period - Shot Misses the Net.
3:05 of 1st period - Penalty to Ryan Lindgren is over, Ryan Lindgren is back on ice.
3:31 of 1st period - Wrist shot by Carter Verhaeghe.
3:31 of 1st period - Deflect By Sam Reinhart.
3:31 of 1st period - Shot Blocked by Yegor Sharangovich.
3:31 of 1st period - Puck is out of play.
3:32 of 1st period - Casey Cizikas wins face-off versus Michael McLeod in Red Wings zone.
3:32 of 1st period - Casey Cizikas is hit by Ryan Lindgren.
4:32 of 1st period - Snap shot by Brady Tkachuk.
4:32 of 1st period - Goal by Brady Tkachuk - Capitals : 0 - Red Wings : 1.
4:33 of 1st period - Vincent Trocheck wins face-off versus Charlie Coyle in neutral zone.
4:42 of 1st period - Snap shot by Vincent Trocheck.
4:42 of 1st period - Shot Blocked by Charlie Coyle.
4:48 of 1st period - Snap shot by Adam Fox.
4:48 of 1st period - Stopped by Martin Jones without a rebound.
4:49 of 1st period - Vincent Trocheck wins face-off versus Aleksander Barkov in Red Wings zone.
5:14 of 1st period - Alec Martinez is hit by Adam Fox and loses puck.
5:21 of 1st period - Slapshot by Yanni Gourde.
5:21 of 1st period - Deflect By Dylan Cozens.
5:21 of 1st period - Shot Misses the Net.
5:21 of 1st period - Puck is out of play.
5:22 of 1st period - Nicholas Paul wins face-off versus Vincent Trocheck in Capitals zone.
5:22 of 1st period - Nicholas Paul is hit by Luke Schenn.
5:34 of 1st period - Slapshot by Nicholas Paul.
5:34 of 1st period - Shot Misses the Net.
6:02 of 1st period - Snap shot by Dylan Cozens.
6:02 of 1st period - Deflect By Brady Tkachuk.
6:02 of 1st period - Stopped by Ilya Samsonov with a rebound.
6:18 of 1st period - Snap shot by Evan Rodrigues.
6:18 of 1st period - Deflect By Jeff Carter.
6:18 of 1st period - Shot Misses the Net.
6:18 of 1st period - Puck is out of play.
6:19 of 1st period - Brock Nelson wins face-off versus Aleksander Barkov in Red Wings zone.
6:52 of 1st period - Slapshot by Adam Fox.
6:52 of 1st period - Stopped by Martin Jones with a rebound.
7:36 of 1st period - Slapshot by Dylan Cozens.
7:36 of 1st period - Goal by Dylan Cozens - Capitals : 0 - Red Wings : 2.
7:37 of 1st period - Aleksander Barkov wins face-off versus Kevin Hayes in neutral zone.
7:52 of 1st period - Wrist shot by Aleksander Barkov.
7:52 of 1st period - Shot Misses the Net.
8:14 of 1st period - Wrist shot by Sam Reinhart.
8:14 of 1st period - Shot Blocked by Luke Schenn.
8:16 of 1st period - Snap shot by Carter Verhaeghe.
8:16 of 1st period - Stopped by Martin Jones with a rebound.
8:18 of 1st period - Snap shot by Sam Reinhart.
8:18 of 1st period - Stopped by Martin Jones with a rebound.
8:20 of 1st period - Backhand shot by Cam Fowler.
8:20 of 1st period - Shot Misses the Net.
8:34 of 1st period - Snap shot by Charlie Coyle.
8:34 of 1st period - Stopped by Martin Jones without a rebound.
8:35 of 1st period - Yanni Gourde wins face-off versus Aleksander Barkov in Red Wings zone.
8:50 of 1st period - Snap shot by Yanni Gourde.
8:50 of 1st period - Shot Misses the Net.
9:10 of 1st period - Snap shot by Nicholas Paul.
9:10 of 1st period - Shot Misses the Net.
9:26 of 1st period - Snap shot by Dylan Cozens.
9:26 of 1st period - Stopped by Ilya Samsonov with a rebound.
9:56 of 1st period - Snap shot by Vincent Trocheck.
9:56 of 1st period - Shot Misses the Net.
9:58 of 1st period - Wrist shot by Vincent Trocheck.
9:58 of 1st period - Stopped by Ilya Samsonov without a rebound.
9:59 of 1st period - Aleksander Barkov wins face-off versus Kevin Hayes in Capitals zone.
10:04 of 1st period - Snap shot by Jeff Carter.
10:04 of 1st period - Stopped by Ilya Samsonov without a rebound.
10:05 of 1st period - Yegor Sharangovich wins face-off versus Aleksander Barkov in Capitals zone.
10:36 of 1st period - Wrist shot by Evan Rodrigues.
10:36 of 1st period - Stopped by Martin Jones with a rebound.
10:38 of 1st period - Slapshot by Adam Fox.
10:38 of 1st period - Shot Misses the Net.
10:40 of 1st period - Snap shot by Evan Rodrigues.
10:40 of 1st period - Stopped by Martin Jones with a rebound.
10:42 of 1st period - Slapshot by Adam Fox.
10:42 of 1st period - Stopped by Martin Jones with a rebound.
11:05 of 1st period - Wrist shot by Yegor Sharangovich.
11:05 of 1st period - Stopped by Ilya Samsonov with a rebound.
11:13 of 1st period - Jeff Carter is hit by Cam Fowler and loses puck.
11:36 of 1st period - Slapshot by Adam Fox.
11:36 of 1st period - Shot Blocked by Hampus Lindholm.
11:38 of 1st period - Snap shot by Evan Rodrigues.
11:38 of 1st period - Deflect By Nicholas Paul.
11:38 of 1st period - Shot Misses the Net.
11:38 of 1st period - Puck is out of play.
11:39 of 1st period - Vincent Trocheck wins face-off versus Sam Reinhart in Red Wings zone.
11:41 of 1st period - Luke Schenn and Carter Verhaeghe fight to a draw.
11:41 of 1st period - Penalty to Luke Schenn for Fighting.
11:41 of 1st period - Penalty to Carter Verhaeghe for Fighting.
11:41 of 1st period - Penalty to Luke Schenn for instigated a fight.
11:41 of 1st period - Penalty to Luke Schenn for instigated a fight.
11:42 of 1st period - Vincent Trocheck wins face-off versus Aleksander Barkov in neutral zone.
11:48 of 1st period - Off-side.
11:49 of 1st period - Aleksander Barkov wins face-off versus Vincent Trocheck in neutral zone.
12:02 of 1st period - Slapshot by William Nylander.
12:02 of 1st period - Shot Misses the Net.
12:09 of 1st period - Icing by Dmitry Orlov.
12:10 of 1st period - Casey Cizikas wins face-off versus Aleksander Barkov in Capitals zone.
12:13 of 1st period - Slapshot by Casey Cizikas.
12:13 of 1st period - Stopped by Ilya Samsonov without a rebound.
12:14 of 1st period - Casey Cizikas wins face-off versus Sam Reinhart in Capitals zone.
13:41 of 1st period - Penalty to Luke Schenn is over, Brock Nelson is send on ice.
13:47 of 1st period - Adam Fox is hit by Jeff Carter and loses puck.
13:53 of 1st period - Icing by Jesper Fast.
13:54 of 1st period - Michael McLeod wins face-off versus Kevin Hayes in Capitals zone.
13:59 of 1st period - Mike Matheson is hit by Michael McLeod and loses puck.
14:12 of 1st period - Snap shot by Jesper Fast.
14:12 of 1st period - Deflect By Yegor Sharangovich.
14:12 of 1st period - Stopped by Martin Jones with a rebound.
14:16 of 1st period - Snap shot by Jesper Fast.
14:16 of 1st period - Stopped by Martin Jones with a rebound.
14:24 of 1st period - Wrist shot by Nico Sturm.
14:24 of 1st period - Stopped by Martin Jones without a rebound.
14:25 of 1st period - Sam Reinhart wins face-off versus Vincent Trocheck in Red Wings zone.
14:42 of 1st period - Minor Penalty to Jalen Chatfield for Roughing.
14:43 of 1st period - Aleksander Barkov wins face-off versus Vincent Trocheck in Red Wings zone.
14:55 of 1st period - Snap shot by Zach Hyman.
14:55 of 1st period - Stopped by Martin Jones with a rebound.
15:24 of 1st period - Wrist shot by William Nylander.
15:24 of 1st period - Stopped by Martin Jones without a rebound.
15:25 of 1st period - Vincent Trocheck wins face-off versus Sam Reinhart in Red Wings zone.
15:40 of 1st period - Yanni Gourde is hit by Cam Fowler and loses puck.
15:51 of 1st period - Evan Rodrigues is hit by Sean Kuraly and loses puck.
16:41 of 1st period - Penalty to Luke Schenn is over, Brock Nelson is send on ice.
17:16 of 1st period - Charlie Coyle is hit by Brock Nelson and loses puck.
17:27 of 1st period - Jesper Fast is hit by Dominik Kubalik and loses puck.
18:14 of 1st period - Nicholas Paul is hit by Owen Tippett and loses puck.
18:29 of 1st period - William Nylander is hit by Sean Kuraly and loses puck.
18:37 of 1st period - Slapshot by Sean Kuraly.
18:37 of 1st period - Shot Blocked by Tyson Barrie.
18:39 of 1st period - Backhand shot by Brock Nelson.
18:39 of 1st period - Deflect By Sean Kuraly.
18:39 of 1st period - Stopped by Ilya Samsonov with a rebound.
18:41 of 1st period - Snap shot by Sean Kuraly.
18:41 of 1st period - Deflect By Dominik Kubalik.
18:41 of 1st period - Shot Misses the Net.
18:41 of 1st period - Puck is out of play.
18:42 of 1st period - Kevin Hayes wins face-off versus Michael McLeod in Capitals zone.
19:44 of 1st period - Charlie Coyle is hit by Alec Martinez.
19:48 of 1st period - Hampus Lindholm is hit by Nicholas Paul and loses puck.
19:57 of 1st period - Alec Martinez is hit by Will Borgen and loses puck.
Goals for this period are 0 for Capitals vs 2 for Red Wings.
Shots for this period are 13 for Capitals vs 12 for Red Wings.

2nd period


0:01 of 2nd period - Brock Nelson wins face-off versus Aleksander Barkov in neutral zone.
0:06 of 2nd period - Slapshot by Hampus Lindholm.
0:06 of 2nd period - Shot Blocked by Tyson Barrie.
0:08 of 2nd period - Slapshot by Hampus Lindholm.
0:08 of 2nd period - Shot Blocked by Tyson Barrie.
0:10 of 2nd period - Snap shot by Brock Nelson.
0:10 of 2nd period - Shot Misses the Net.
0:12 of 2nd period - Snap shot by Mike Matheson.
0:12 of 2nd period - Shot Blocked by Dmitry Orlov.
0:14 of 2nd period - Wrist shot by Owen Tippett.
0:14 of 2nd period - Goal by Owen Tippett - Capitals : 0 - Red Wings : 3.
0:15 of 2nd period - Sam Reinhart wins face-off versus Vincent Trocheck in neutral zone.
0:18 of 2nd period - Slapshot by Dmitry Orlov.
0:18 of 2nd period - Shot Misses the Net.
0:55 of 2nd period - Wrist shot by Yanni Gourde.
0:55 of 2nd period - Deflect By Zach Hyman.
0:55 of 2nd period - Shot Misses the Net.
0:55 of 2nd period - Puck is out of play.
0:56 of 2nd period - Carter Verhaeghe wins face-off versus Casey Cizikas in Capitals zone.
1:13 of 2nd period - Snap shot by Sam Reinhart.
1:13 of 2nd period - Shot Misses the Net.
1:23 of 2nd period - Cam Fowler is hit by Owen Tippett.
1:33 of 2nd period - Snap shot by William Nylander.
1:33 of 2nd period - Shot Misses the Net.
2:10 of 2nd period - Snap shot by Sam Reinhart.
2:10 of 2nd period - Shot Misses the Net.
2:12 of 2nd period - Slapshot by Ryan Lindgren.
2:12 of 2nd period - Deflect By Sam Reinhart.
2:12 of 2nd period - Shot Blocked by Hampus Lindholm.
2:12 of 2nd period - Puck is out of play.
2:13 of 2nd period - Aleksander Barkov wins face-off versus Vincent Trocheck in Red Wings zone.
2:27 of 2nd period - Slapshot by Owen Tippett.
2:27 of 2nd period - Stopped by Ilya Samsonov without a rebound.
2:28 of 2nd period - Sam Reinhart wins face-off versus Dylan Cozens in Capitals zone.
2:39 of 2nd period - Snap shot by Carter Verhaeghe.
2:39 of 2nd period - Stopped by Martin Jones with a rebound.
2:41 of 2nd period - Wrist shot by Sam Reinhart.
2:41 of 2nd period - Stopped by Martin Jones without a rebound.
2:42 of 2nd period - Vincent Trocheck wins face-off versus Aleksander Barkov in Red Wings zone.
3:05 of 2nd period - Minor Penalty to Vincent Trocheck for Tripping.
3:06 of 2nd period - Brock Nelson wins face-off versus William Nylander in Red Wings zone.
3:42 of 2nd period - Off-side.
3:43 of 2nd period - Sam Reinhart wins face-off versus Casey Cizikas in neutral zone.
3:48 of 2nd period - Slapshot by Sam Reinhart.
3:48 of 2nd period - Goal by Sam Reinhart - Capitals : 1 - Red Wings : 3.
3:49 of 2nd period - Sam Reinhart wins face-off versus Vincent Trocheck in neutral zone.
4:27 of 2nd period - Wrist shot by Yanni Gourde.
4:27 of 2nd period - Shot Misses the Net.
4:29 of 2nd period - Snap shot by Brady Tkachuk.
4:29 of 2nd period - Shot Misses the Net.
4:49 of 2nd period - Cam Fowler is hit by Kevin Hayes.
4:53 of 2nd period - Cam Fowler is hit by Yegor Sharangovich and loses puck.
5:33 of 2nd period - Snap shot by Jeff Skinner.
5:33 of 2nd period - Stopped by Martin Jones with a rebound.
5:35 of 2nd period - Wrist shot by Carter Verhaeghe.
5:35 of 2nd period - Shot Blocked by Braden Schneider.
5:37 of 2nd period - Slapshot by Cam Fowler.
5:37 of 2nd period - Stopped by Martin Jones with a rebound.
5:39 of 2nd period - Slapshot by Cam Fowler.
5:39 of 2nd period - Shot Misses the Net.
5:52 of 2nd period - Snap shot by Braden Schneider.
5:52 of 2nd period - Stopped by Ilya Samsonov with a rebound.
5:54 of 2nd period - Wrist shot by Dylan Cozens.
5:54 of 2nd period - Stopped by Ilya Samsonov without a rebound.
5:55 of 2nd period - Aleksander Barkov wins face-off versus Dylan Cozens in Capitals zone.
6:06 of 2nd period - Snap shot by Yanni Gourde.
6:06 of 2nd period - Shot Misses the Net.
6:41 of 2nd period - 10 Minutes Misconduct Penalty to Luke Schenn is over.
6:45 of 2nd period - Snap shot by Jesper Fast.
6:45 of 2nd period - Shot Blocked by Alec Martinez.
6:47 of 2nd period - Backhand shot by Will Borgen.
6:47 of 2nd period - Shot Misses the Net.
6:49 of 2nd period - Wrist shot by Michael McLeod.
6:49 of 2nd period - Shot Misses the Net.
7:14 of 2nd period - Snap shot by Brock Nelson.
7:14 of 2nd period - Deflect By Vincent Trocheck.
7:14 of 2nd period - Shot Misses the Net.
7:14 of 2nd period - Puck is out of play.
7:15 of 2nd period - Vincent Trocheck wins face-off versus Sam Reinhart in Capitals zone.
8:26 of 2nd period - Snap shot by Jeff Skinner.
8:26 of 2nd period - Shot Misses the Net.
8:28 of 2nd period - Backhand shot by Will Borgen.
8:28 of 2nd period - Stopped by Martin Jones without a rebound.
8:29 of 2nd period - Sam Reinhart wins face-off versus Casey Cizikas in Red Wings zone.
9:19 of 2nd period - Snap shot by Kevin Hayes.
9:19 of 2nd period - Shot Blocked by Adam Fox.
9:35 of 2nd period - Jeff Carter is hit by Nicholas Paul and loses puck.
10:17 of 2nd period - Slapshot by Dylan Cozens.
10:17 of 2nd period - Stopped by Ilya Samsonov with a rebound.
10:19 of 2nd period - Snap shot by Yanni Gourde.
10:19 of 2nd period - Deflect By Brady Tkachuk.
10:19 of 2nd period - Shot Misses the Net.
10:19 of 2nd period - Puck is out of play.
10:20 of 2nd period - Jeff Skinner wins face-off versus Vincent Trocheck in Capitals zone.
10:47 of 2nd period - Zach Hyman is hit by Dylan Cozens and loses puck.
10:56 of 2nd period - Snap shot by Tyson Barrie.
10:56 of 2nd period - Deflect By Brady Tkachuk.
10:56 of 2nd period - Stopped by Martin Jones with a rebound.
11:22 of 2nd period - Snap shot by Jeff Carter.
11:22 of 2nd period - Stopped by Ilya Samsonov with a rebound.
11:34 of 2nd period - Nico Sturm is hit by Sean Kuraly.
11:40 of 2nd period - Sean Kuraly is hit by Dmitry Orlov and loses puck.
11:57 of 2nd period - Brock Nelson is hit by Sam Reinhart and loses puck.
12:06 of 2nd period - Wrist shot by Sam Reinhart.
12:06 of 2nd period - Shot Blocked by Alec Martinez.
12:08 of 2nd period - Snap shot by Sam Reinhart.
12:08 of 2nd period - Stopped by Martin Jones with a rebound.
12:29 of 2nd period - Slapshot by Brady Tkachuk.
12:29 of 2nd period - Stopped by Ilya Samsonov without a rebound.
12:30 of 2nd period - Aleksander Barkov wins face-off versus Kevin Hayes in Capitals zone.
12:34 of 2nd period - Off-side.
12:35 of 2nd period - Aleksander Barkov wins face-off versus Kevin Hayes in neutral zone.
13:10 of 2nd period - Wrist shot by Carter Verhaeghe.
13:10 of 2nd period - Stopped by Martin Jones without a rebound.
13:11 of 2nd period - Vincent Trocheck wins face-off versus Aleksander Barkov in Red Wings zone.
13:17 of 2nd period - Off-side.
13:18 of 2nd period - William Nylander wins face-off versus Vincent Trocheck in neutral zone.
13:46 of 2nd period - Off-side.
13:47 of 2nd period - Sam Reinhart wins face-off versus Dylan Cozens in neutral zone.
14:02 of 2nd period - Carter Verhaeghe is hit by Brady Tkachuk and loses puck.
14:22 of 2nd period - Slapshot by Adam Fox.
14:22 of 2nd period - Stopped by Martin Jones with a rebound.
14:42 of 2nd period - Slapshot by Adam Fox.
14:42 of 2nd period - Shot Misses the Net.
14:44 of 2nd period - Slapshot by Cam Fowler.
14:44 of 2nd period - Shot Blocked by Alec Martinez.
14:46 of 2nd period - Snap shot by William Nylander.
14:46 of 2nd period - Shot Blocked by Alec Martinez.
14:48 of 2nd period - Slapshot by Cam Fowler.
14:48 of 2nd period - Shot Blocked by Sean Kuraly.
14:50 of 2nd period - Slapshot by Cam Fowler.
14:50 of 2nd period - Goal by Cam Fowler - Capitals : 2 - Red Wings : 3.
14:51 of 2nd period - Vincent Trocheck wins face-off versus Sam Reinhart in neutral zone.
14:54 of 2nd period - Jeff Skinner is hit by Brock Nelson and loses puck.
15:30 of 2nd period - Slapshot by Will Borgen.
15:30 of 2nd period - Deflect By Zach Hyman.
15:30 of 2nd period - Shot Misses the Net.
15:30 of 2nd period - Puck is out of play.
15:31 of 2nd period - Kevin Hayes wins face-off versus Sam Reinhart in Red Wings zone.
15:43 of 2nd period - Dmitry Orlov is hit by Jeff Carter and loses puck.
16:18 of 2nd period - Off-side.
16:19 of 2nd period - Charlie Coyle wins face-off versus Dylan Cozens in neutral zone.
16:25 of 2nd period - Minor Penalty to Brady Tkachuk for Roughing.
16:26 of 2nd period - Vincent Trocheck wins face-off versus Aleksander Barkov in Red Wings zone.
16:26 of 2nd period - Vincent Trocheck is hit by Cam Fowler.
16:31 of 2nd period - Adam Fox is hit by Yanni Gourde and loses puck.
16:52 of 2nd period - Hampus Lindholm is hit by Jeff Skinner and loses puck.
17:05 of 2nd period - Snap shot by Carter Verhaeghe.
17:05 of 2nd period - Shot Blocked by Alec Martinez.
18:25 of 2nd period - Penalty to Brady Tkachuk is over, Brady Tkachuk is back on ice.
18:34 of 2nd period - Yegor Sharangovich is hit by Charlie Coyle.
18:42 of 2nd period - Snap shot by Jeff Carter.
18:42 of 2nd period - Shot Misses the Net.
19:28 of 2nd period - Wrist shot by Dylan Cozens.
19:28 of 2nd period - Stopped by Ilya Samsonov with a rebound.
19:51 of 2nd period - Off-side.
19:52 of 2nd period - Aleksander Barkov wins face-off versus Kevin Hayes in neutral zone.
19:59 of 2nd period - Hampus Lindholm is hit by William Nylander and loses puck.
Goals for this period are 2 for Capitals vs 1 for Red Wings.
Shots for this period are 11 for Capitals vs 8 for Red Wings.

3rd period


0:01 of 3rd period - Vincent Trocheck wins face-off versus Sam Reinhart in neutral zone.
0:04 of 3rd period - Wrist shot by Brock Nelson.
0:04 of 3rd period - Stopped by Ilya Samsonov with a rebound.
1:03 of 3rd period - Minor Penalty to William Nylander for Holding.
1:04 of 3rd period - Dylan Cozens wins face-off versus Aleksander Barkov in Capitals zone.
1:42 of 3rd period - Snap shot by Vincent Trocheck.
1:42 of 3rd period - Stopped by Ilya Samsonov with a rebound.
2:00 of 3rd period - Aleksander Barkov is hit by Dylan Cozens and loses puck.
2:53 of 3rd period - Ryan Lindgren is hit by Luke Schenn and loses puck.
3:03 of 3rd period - Penalty to William Nylander is over, William Nylander is back on ice.
3:10 of 3rd period - Snap shot by Yegor Sharangovich.
3:10 of 3rd period - Shot Blocked by Tyson Barrie.
3:16 of 3rd period - Yegor Sharangovich is hit by Jeff Skinner and loses puck.
4:01 of 3rd period - Snap shot by Casey Cizikas.
4:01 of 3rd period - Stopped by Ilya Samsonov with a rebound.
4:28 of 3rd period - Wrist shot by Kevin Hayes.
4:28 of 3rd period - Stopped by Ilya Samsonov without a rebound.
4:28 of 3rd period - Minor Penalty to Ilya Samsonov for Slashing.
4:29 of 3rd period - Vincent Trocheck wins face-off versus Aleksander Barkov in Capitals zone.
5:33 of 3rd period - Icing by Braden Schneider.
5:34 of 3rd period - Michael McLeod wins face-off versus Owen Tippett in Red Wings zone.
5:35 of 3rd period - Slapshot by Adam Fox.
5:35 of 3rd period - Stopped by Martin Jones without a rebound.
5:36 of 3rd period - Michael McLeod wins face-off versus Vincent Trocheck in Red Wings zone.
6:18 of 3rd period - Wrist shot by Vincent Trocheck.
6:18 of 3rd period - Stopped by Ilya Samsonov with a rebound.
6:24 of 3rd period - Wrist shot by Owen Tippett.
6:24 of 3rd period - Shot Blocked by Adam Fox.
6:28 of 3rd period - Penalty to Jeff Skinner is over, Jeff Skinner is back on ice.
7:14 of 3rd period - Snap shot by Vincent Trocheck.
7:14 of 3rd period - Goal by Vincent Trocheck - Capitals : 2 - Red Wings : 4.
7:15 of 3rd period - Michael McLeod wins face-off versus Dylan Cozens in neutral zone.
7:18 of 3rd period - Mike Matheson is hit by Nico Sturm and loses puck.
8:05 of 3rd period - Snap shot by Charlie Coyle.
8:05 of 3rd period - Stopped by Martin Jones with a rebound.
8:17 of 3rd period - Wrist shot by Dominik Kubalik.
8:17 of 3rd period - Shot Blocked by Aleksander Barkov.
9:43 of 3rd period - Alec Martinez is hit by Dmitry Orlov and loses puck.
9:50 of 3rd period - Snap shot by Sam Reinhart.
9:50 of 3rd period - Stopped by Martin Jones without a rebound.
9:51 of 3rd period - Dylan Cozens wins face-off versus Charlie Coyle in Red Wings zone.
9:53 of 3rd period - Minor Penalty to Brady Tkachuk for Tripping.
9:54 of 3rd period - Vincent Trocheck wins face-off versus Aleksander Barkov in Red Wings zone.
10:02 of 3rd period - Slapshot by Adam Fox.
10:02 of 3rd period - Stopped by Martin Jones without a rebound.
10:03 of 3rd period - Aleksander Barkov wins face-off versus Vincent Trocheck in Red Wings zone.
10:46 of 3rd period - Snap shot by Zach Hyman.
10:46 of 3rd period - Deflect By Aleksander Barkov.
10:46 of 3rd period - Stopped by Martin Jones with a rebound.
10:48 of 3rd period - Slapshot by Cam Fowler.
10:48 of 3rd period - Stopped by Martin Jones without a rebound.
10:49 of 3rd period - Sam Reinhart wins face-off versus Vincent Trocheck in Red Wings zone.
11:53 of 3rd period - Penalty to Brady Tkachuk is over, Brady Tkachuk is back on ice.
12:22 of 3rd period - Minor Penalty to Ryan Lindgren for Hooking.
12:23 of 3rd period - Vincent Trocheck wins face-off versus Aleksander Barkov in Capitals zone.
12:28 of 3rd period - Snap shot by Owen Tippett.
12:28 of 3rd period - Stopped by Ilya Samsonov without a rebound.
12:29 of 3rd period - Vincent Trocheck wins face-off versus Aleksander Barkov in Capitals zone.
13:03 of 3rd period - Snap shot by Brock Nelson.
13:03 of 3rd period - Goal by Brock Nelson - Capitals : 2 - Red Wings : 5.
13:04 of 3rd period - Sam Reinhart wins face-off versus Yanni Gourde in neutral zone.
13:08 of 3rd period - Mike Matheson and Adam Fox fight to a draw.
13:08 of 3rd period - Penalty to Mike Matheson for Fighting.
13:08 of 3rd period - Penalty to Adam Fox for Fighting.
13:09 of 3rd period - Sam Reinhart wins face-off versus Owen Tippett in Red Wings zone.
13:20 of 3rd period - Slapshot by Vincent Trocheck.
13:20 of 3rd period - Deflect By Owen Tippett.
13:20 of 3rd period - Stopped by Ilya Samsonov with a rebound.
13:22 of 3rd period - Wrist shot by Luke Schenn.
13:22 of 3rd period - Shot Blocked by Carter Verhaeghe.
13:24 of 3rd period - Wrist shot by Brock Nelson.
13:24 of 3rd period - Shot Blocked by Cam Fowler.
13:26 of 3rd period - Snap shot by Vincent Trocheck.
13:26 of 3rd period - Stopped by Ilya Samsonov without a rebound.
13:27 of 3rd period - Aleksander Barkov wins face-off versus Dylan Cozens in Capitals zone.
13:27 of 3rd period - Aleksander Barkov is hit by Dylan Cozens.
13:39 of 3rd period - Wrist shot by Brady Tkachuk.
13:39 of 3rd period - Shot Misses the Net.
13:44 of 3rd period - Off-side.
13:45 of 3rd period - Vincent Trocheck wins face-off versus Sam Reinhart in neutral zone.
13:48 of 3rd period - Slapshot by Hampus Lindholm.
13:48 of 3rd period - Stopped by Ilya Samsonov with a rebound.
13:50 of 3rd period - Slapshot by Vincent Trocheck.
13:50 of 3rd period - Stopped by Ilya Samsonov without a rebound.
13:51 of 3rd period - Vincent Trocheck wins face-off versus Sam Reinhart in Capitals zone.
14:48 of 3rd period - Casey Cizikas is hit by Ryan Lindgren and loses puck.
15:08 of 3rd period - Wrist shot by Michael McLeod.
15:08 of 3rd period - Stopped by Martin Jones without a rebound.
15:09 of 3rd period - Vincent Trocheck wins face-off versus Sam Reinhart in Red Wings zone.
15:33 of 3rd period - Icing by Luke Schenn.
15:34 of 3rd period - Dylan Cozens wins face-off versus Zach Hyman in Red Wings zone.
15:50 of 3rd period - Minor Penalty to Zach Hyman for Holding.
15:51 of 3rd period - Vincent Trocheck wins face-off versus Aleksander Barkov in Capitals zone.
15:55 of 3rd period - Wrist shot by Vincent Trocheck.
15:55 of 3rd period - Stopped by Ilya Samsonov without a rebound.
15:56 of 3rd period - Vincent Trocheck wins face-off versus Aleksander Barkov in Capitals zone.
15:59 of 3rd period - Wrist shot by Brock Nelson.
15:59 of 3rd period - Stopped by Ilya Samsonov with a rebound.
16:23 of 3rd period - Slapshot by Yanni Gourde.
16:23 of 3rd period - Goal by Yanni Gourde - Capitals : 2 - Red Wings : 6.
16:24 of 3rd period - Sam Reinhart wins face-off versus Vincent Trocheck in neutral zone.
16:27 of 3rd period - Slapshot by Tyson Barrie.
16:27 of 3rd period - Shot Misses the Net.
16:29 of 3rd period - Snap shot by Carter Verhaeghe.
16:29 of 3rd period - Shot Misses the Net.
16:31 of 3rd period - Wrist shot by Jeff Skinner.
16:31 of 3rd period - Shot Misses the Net.
16:33 of 3rd period - Snap shot by Jeff Skinner.
16:33 of 3rd period - Stopped by Martin Jones with a rebound.
16:34 of 3rd period - Luke Schenn and Carter Verhaeghe fight to a draw.
16:34 of 3rd period - Penalty to Luke Schenn for Fighting.
16:34 of 3rd period - Penalty to Carter Verhaeghe for Fighting.
16:35 of 3rd period - Sam Reinhart wins face-off versus Vincent Trocheck in Red Wings zone.
16:59 of 3rd period - Yanni Gourde beats up Nicholas Paul.
16:59 of 3rd period - Penalty to Yanni Gourde for Fighting.
16:59 of 3rd period - Penalty to Nicholas Paul for Fighting.
17:00 of 3rd period - Vincent Trocheck wins face-off versus Zach Hyman in Capitals zone.
17:11 of 3rd period - Snap shot by Vincent Trocheck.
17:11 of 3rd period - Stopped by Ilya Samsonov without a rebound.
17:12 of 3rd period - Aleksander Barkov wins face-off versus Vincent Trocheck in Capitals zone.
17:21 of 3rd period - Wrist shot by William Nylander.
17:21 of 3rd period - Shot Misses the Net.
18:39 of 3rd period - Adam Fox is hit by Sean Kuraly and loses puck.
18:46 of 3rd period - Ryan Lindgren is hit by Casey Cizikas and loses puck.
19:19 of 3rd period - Nico Sturm is hit by Hampus Lindholm.
19:27 of 3rd period - Snap shot by Kevin Hayes.
19:27 of 3rd period - Stopped by Ilya Samsonov without a rebound.
19:28 of 3rd period - Aleksander Barkov wins face-off versus Dylan Cozens in Capitals zone.
19:35 of 3rd period - Zach Hyman is hit by Hampus Lindholm and loses puck.
Goals for this period are 0 for Capitals vs 3 for Red Wings.
Shots for this period are 8 for Capitals vs 17 for Red Wings.